Map: Moonlight Madness LE (Void)

Players

Southpaw

  • Race: Zerg Zerg
  • League: Gold

wabbajack - Winner!

  • Race: Zerg Zerg
  • League: Gold

VOD

Have the link to the VOD?

Description

Time

  • Played on: July 19, 2015, 7:30 p.m.
  • Length: 6:36
Show
View Real Time Build Order
Export as new Build Order

Southpaw Zerg 

Build Orders: Pool First 

Get SALT Encoding   

  12  0:01  Drone  
  13  0:12  Drone  
  14  0:18  Overlord  
  14  0:37  Drone x3  
  17  0:45  Spawning Pool  
  17  0:49  Drone  
  17  0:53  Extractor  
  16  0:58  Drone  
  17  1:17  Hatchery  
  16  1:21  Drone  
  16  1:23  Drone  
  18  1:35  Queen  
  20  1:43  Overlord  
  20  1:53  Metabolic Boost  
  20  1:55  Drone  
  20  1:58  Zergling x2  
  22  2:03  Zergling x2  
  23  2:16  Queen  
  23  2:19  Zergling x2  
  26  2:26  Baneling Nest  
  26  2:27  Drone  
  26  2:33  Queen  
  28  2:42  Drone  
  29  3:01  Drone x3  
  32  3:08  Drone x4  
  36  3:20  Overlord, Baneling x3  
  36  3:28  Overlord  
  36  3:41  Zergling x14  
  43  3:49  Roach Warren  
  43  3:52  Drone x3  
  43  3:54  Drone  
  46  4:12  Queen  
  46  4:26  Lair  
  46  4:38  Overlord x2  
  46  4:42  Spine Crawler  
  45  4:47  Spine Crawler  
  44  4:54  Evolution Chamber  
  44  4:55  Evolution Chamber  
  44  4:58  Roach x8  
  58  5:11  Drone  
  58  5:12  Drone x2, Extractor  
  58  5:13  Overlord  
  60  5:27  Extractor  
  59  5:47  Drone x4  
  59  5:49  Drone x5  
  68  5:51  Overlord x2  
  68  6:06  Overlord x2  
Show
View Real Time Build Order
Export as new Build Order

wabbajack Zerg - Winner!

Build Orders: Hatch First 

Get SALT Encoding   

  12  0:01  Drone  
  13  0:13  Overlord  
  13  0:18  Drone  
  14  0:24  Drone, Extractor  
  15  0:32  Drone  
  16  0:36  Drone  
  17  0:56  Hatchery  
  16  1:11  Spawning Pool  
  15  1:12  Drone, Extractor  
  15  1:15  Drone  
  16  1:19  Drone  
  16  1:24  Drone  
  18  1:37  Drone  
  19  1:48  Overlord  
  19  1:57  Queen  
  19  1:59  Zergling x2  
  22  2:07  Queen  
  24  2:10  Drone x2  
  26  2:18  Drone  
  27  2:23  Roach Warren  
  27  2:26  Metabolic Boost  
  27  2:29  Drone  
  27  2:33  Drone  
  27  2:36  Drone  
  29  2:47  Zergling x2  
  29  2:48  Zergling x2  
  31  3:01  Overlord x2  
  31  3:02  Spine Crawler  
  30  3:06  Zergling x2  
  31  3:39  Drone x2  
  31  3:41  Roach x4  
  35  3:42  Roach x4  
  35  3:46  Drone  
  50  3:48  Overlord  
  48  4:36  Roach  
  48  4:37  Roach x5  
  60  4:41  Overlord x2  
  60  4:45  Overlord  
  60  4:50  Spine Crawler  
  60  4:52  Spine Crawler  
  58  4:55  Drone x2  
  58  4:58  Drone, Spine Crawler  
  60  5:04  Zergling x4  
  60  5:05  Zergling x4  
  64  5:22  Overlord  
  64  5:23  Baneling Nest  
  63  5:30  Zergling x2  
  63  5:31  Zergling x14  
  71  5:39  Pneumatized Carapace  
  71  5:43  Zergling x2  
  71  5:44  Zergling x12  
  78  6:05  Overlord  
Tags
 
Add a new tag
Caveats
  • Supply blocks, unpowered buildings, or Contaminate may cause inaccurate times.
  • Supply counts are checked every 10 seconds.